 Dungeon Crawl Stone Soup version 0.31.0-12-g77e489cdc1 (webtiles) character file.

Game seed: 1082565807035387793

814 lordive the Ruffian (level 7, 0/44 HPs)
             Began as an Octopode Shapeshifter on Feb 29, 2024.
             Was an Initiate of Okawaru.
             Slain by a sky beast (4 damage)
             ... on level 7 of the Dungeon.
             The game lasted 00:09:04 (3921 turns).

lordive the Ruffian (Octopode Shapeshifter)         Turns: 3921, Time: 00:09:04

Health: 0/44       AC:  1    Str: 13    XL:     7   Next: 93%
Magic:  9/9        EV: 13    Int: 15    God:    Okawaru [......]
Gold:   326        SH:  0    Dex: 11    Spells: 6/9 levels left

rFire   . .          .
                       - Unarmed
rCold   . . .        (no shield)
rNeg    . . .        (helmet currently unavailable)
rPois   +            m - amulet of regeneration
rElec   .            i - ring of poison resistance
rCorr   .            z - ring of willpower
SInv    .            (no ring)
Will    +....        (no ring)
Stlth   ++           (no ring)
HPRegen 1.07/turn    (no ring)
MPRegen 0.11/turn    (no ring)
                     (no ring)

%: no passive effects
@: beast-form
A: beast (slay +3), almost no armour, amphibious, 8 rings, camouflage 1,
gelatinous body 1, (nimble swimmer 1), tentacles
a: Begin Untransformation, Renounce Religion


You were on level 7 of the Dungeon.
You worshipped Okawaru.
Okawaru was noncommittal.
You were a hulking beast.
You visited 2 branches of the dungeon, and saw 8 of its levels.

You collected 352 gold pieces.
You spent 26 gold pieces at shops.

Inventory:

Armour
 r - the orb "Movusoha" {light, rElec rF+++ Dex-4 Alchemy}
   (You found it on level 3 of the Dungeon)

   Dex-4:     It affects your dexterity (-4).
   rF+++:     It renders you almost immune to fire.
   rElec:     It insulates you from electricity.
   Alchemy:   It increases the power of your Alchemy spells.
 t - a +0 cloak
 x - a +1 hat
Jewellery
 i - a ring of poison resistance (left tentacle)
 l - an amulet of guardian spirit
 m - an amulet of regeneration (around mantle)
 z - a ring of willpower (right tentacle)
Talismans
 b - a beast talisman
 c - a flux talisman
Wands
 p - a wand of flame (36)
 C - a wand of mindburst (2)
Scrolls
 e - 2 scrolls of blinking {unknown}
 f - a scroll of revelation {unknown}
 g - 5 scrolls of teleportation {unknown}
 h - 2 scrolls of vulnerability {unknown}
 n - a scroll of noise {unknown}
 o - 2 scrolls of acquirement {unknown}
 s - 2 scrolls of immolation {unknown}
 u - 2 scrolls of poison {unknown}
 w - a scroll of brand weapon {unknown}
 y - a scroll of fog {unknown}
 D - 3 scrolls of butterflies {unknown}
Potions
 a - 4 potions of lignification
 d - a potion of berserk rage
 j - 4 potions of curing
 k - 2 potions of brilliance
 q - a potion of heal wounds
 v - 3 potions of mutation
 A - a potion of might
 B - 2 potions of haste {unknown}


   Skills:
 + Level 1.7 Fighting
 + Level 3.4 Dodging
 + Level 6.0 Unarmed Combat
 * Level 1.6 Spellcasting
 * Level 1.9 Hexes
 * Level 5.4 Shapeshifting


You had 6 spell levels left.
You knew the following spells:

 Your Spells              Type           Power      Damage    Failure   Level
a - Confusing Touch       Hex            6%         N/A       32%         3

Your spell library contained the following spells:

 Spells                   Type           Power      Damage    Failure   Level
 Kiss of Death            Conj/Necr      4%         2d5       22%         1
 Ensorcelled Hibernation  Hex/Ice        8%         N/A       24%         2
 Scorch                   Fire           2%         2d5       34%         2
 Passwall                 Erth           1%         N/A       56%         3
 Swiftness                Air            1%         N/A       56%         3
 Dispel Undead            Necr           1%         3d6       92%         4
 Flame Wave               Conj/Fire      1%         2d4       92%         4
 Summon Ice Beast         Ice/Summ       Unusable   N/A       N/A         3
 Summon Mana Viper        Hex/Summ       Unusable   N/A       N/A         5
 Summon Cactus Giant      Summ           Unusable   N/A       N/A         6
 Monstrous Menagerie      Summ           Unusable   N/A       N/A         7

Dungeon Overview and Level Annotations

Branches:
Dungeon (7/15)             Temple (1/1) D:5

Altars:
Ashenzari
Cheibriados
Dithmenos
Elyvilon
Fedhas
Gozag
Hepliaklqana
Kikubaaqudgha
Makhleb
Nemelex Xobeh
Okawaru
Ru
Sif Muna
Trog
Uskayaw
Vehumet
Wu Jian
Xom
The Shining One

Shops:
D:2 ?   D:4 !


Innate Abilities, Weirdness & Mutations

You are a hulking beast.
Your limbs bulge with bestial killing power. (Slay +3)
You cannot wear most types of armour.
You are amphibious.
You can wear up to eight rings at the same time.
Your skin changes colour to match your surroundings (Stealth+).
Your rubbery body absorbs attacks. (AC +1, EV +1)
((You are camouflaged when in or above water. (Stealth+)))
You have tentacles for arms and can constrict up to eight enemies at once.


Message History

No target in view!
No target in view!
No target in view!
No target in view!
Unknown command.
A sky beast appears from thin air!
Reactivating autopickup.
You bludgeon the sky beast!
The sky beast is severely wounded.
The sky beast barely misses you.
You closely miss the sky beast.
The sky beast is severely wounded.
The iguana misses you.
The sky beast flickers out of sight!
Deactivating autopickup; reactivate with Ctrl-A.
Something hits you. Something shocks you.
You completely miss the iguana. You grab the iguana. You squeeze the iguana.
The iguana is moderately wounded.
You constrict the iguana, but do no damage.
The iguana bites you.
You tentacle-slap something. Your squeeze misses something.
You constrict the iguana, but do no damage.
Something hits you. Something shocks you.
You barely miss something. Your squeeze misses something.
You constrict the iguana, but do no damage.
The iguana bites you. Something hits you. Something shocks you.
* * * LOW HITPOINT WARNING * * *
You closely miss something. You constrict the iguana.
The iguana barely misses you. Something hits you but does no damage.
You barely miss something. Your squeeze misses something.
You constrict the iguana, but do no damage.
The iguana hisses menacingly.
The iguana misses you. Something hits you.
* * * LOW HITPOINT WARNING * * *
Something shocks you.
* * * LOW HITPOINT WARNING * * *
You release your grip on the iguana.
The iguana hisses menacingly.
The iguana attacks as it pursues you! The iguana completely misses you.
Something hits you.
You die...

... .# ####.###.#####
.#.####<##...#.#....
.....................
.#.####.###.....##...
...#............
#.####.#$......... #
#.#.l{#.##... #
##h#~:.....
#.#.~..... ..#.......
####....... ....##.
....# .####


You could see an iguana.

Vanquished Creatures
  A water moccasin (D:5)
  An ogre (D:4)
  A phantom (D:6)
  A scorpion (D:6)
  3 hounds
  An orc priest (D:3)
  2 iguanas (D:5)
  2 orc wizards (D:6)
  6 gnolls
  9 adders
  2 ufetubi (D:6)
  2 dart slugs
  A ribbon worm (D:3)
  20 orcs
  6 ball pythons
  7 endoplasms
  A giant cockroach (D:3)
  11 goblins
  5 hobgoblins
  12 jackals
  4 quokkas
  3 bats (D:3)
  7 frilled lizards
  5 kobolds
  4 rats
117 creatures vanquished.

Notes
Turn   | Place    | Note
-------+----------+-------------------------------------------
     0 | D:1      | lordive the Octopode Shapeshifter began the quest for the
                  | Orb.
     0 | D:1      | Reached XP level 1. HP: 13/13 MP: 1/1
     6 | D:1      | Noticed a komodo dragon
     6 | D:1      | Noticed a wyvern
     6 | D:1      | Noticed a killer bee
     7 | D:1      | Noticed a mana viper
   142 | D:1      | Reached XP level 2. HP: 14/18 MP: 2/2
   762 | D:1      | Reached XP level 3. HP: 23/23 MP: 3/3
  1044 | D:2      | Found Vyhoemou's Magic Scroll Shop.
  1079 | D:2      | Bought a scroll of identify for 26 gold pieces
  1102 | D:2      | Found a faded altar of an unknown god.
  1213 | D:2      | Reached XP level 4. HP: 24/28 MP: 4/4
  1359 | D:2      | Found a sacrificial altar of Ru.
  1753 | D:3      | Reached XP level 5. HP: 33/33 MP: 5/5
  1805 | D:3      | Identified the orb "Movusoha" {light, rElec rF+++ Dex-4
                  | Alchemy}
  1909 | D:3      | Reached skill level 4 in Unarmed Combat
  2190 | D:3      | Found a blossoming altar of Fedhas.
  2190 | D:3      | Found an ancient bone altar of Kikubaaqudgha.
  2289 | D:4      | Found Vaetede's Distillery.
  2313 | D:4      | Noticed an ogre
  2319 | D:4      | Killed an ogre
  2320 | D:4      | Reached XP level 6. HP: 29/38 MP: 6/6
  2563 | D:4      | Learned a level 3 spell: Confusing Touch
  2831 | D:5      | Entered Level 5 of the Dungeon
  2845 | D:5      | Noticed a water moccasin
  2855 | D:5      | Killed a water moccasin
  2856 | D:5      | Reached skill level 5 in Unarmed Combat
  2883 | D:5      | Reached XP level 7. HP: 43/43 MP: 8/8
  3054 | D:5      | Reached skill level 1 in Hexes
  3054 | D:5      | Reached skill level 5 in Shapeshifting
  3074 | D:5      | Reached skill level 1 in Spellcasting
  3352 | D:5      | Found a staircase to the Ecumenical Temple.
  3376 | Temple   | Entered the Ecumenical Temple
  3461 | Temple   | Became a worshipper of Warmaster Okawaru
  3809 | D:6      | Reached skill level 6 in Unarmed Combat
  3921 | D:7      | Slain by a sky beast

Illustrated notes

Levels and vault maps discovered:
D:1:      onia_arrival_zoo_common, layout_loops_corners
D:2:      layout_basic, serial_shops, nicolae_shop_statue_plus,
          hellmonk_ecumenical_altar_arch_garden, basic_altar
D:3:      layout_rooms, grunt_temple_overflow_growth_and_decay,
          minmay_checkerbox
D:4:      layout_basic, serial_shops, shop, kennysheep_cluttered_room,
          hangedman_decor_clover_reticule, hex_large,
          minmay_misc_feat_more_columns
D:5:      layout_rooms, minmay_temple_entry_nine_rooms
D:6:      layout_basic, grunt_ministairs_10
D:7:      layout_basic, marbit_many_paths
Temple:   bh_familiar_temple

Skill      XL: |  1  2  3  4  5  6  7 |
---------------+----------------------+-----
Shapeshifting  | 4 5 |  5.4
Unarmed Combat | 4 5 6 |  6.0
Dodging        | 3 |  3.4
Hexes          | 1 |  1.9
Spellcasting   | 1 |  1.6
Fighting       | |  1.7

Action                     |  1- 3 |  4- 6 |  7- 9 || total
---------------------------+-------+-------+-------++-------
  Melee: Unarmed           |    67 |   109 |    82 ||   258
         Tentacles         |    17 |    22 |    19 ||    58
         Constrict         |    21 |    23 |    20 ||    64
         Punch             |     1 |     4 |     3 ||     8
    Use: Scroll            |     1 |     2 |     4 ||     7
   Stab: Sleeping          |     8 |     8 |     1 ||    17
 Armour: Skin              |    27 |    52 |    43 ||   122
  Dodge: Dodged            |    38 |    61 |    50 ||   149
